 Dungeon Crawl Stone Soup version 0.10.0-32-gfa280cc character file.

307 CapnToaster the Ruffian (level 5, 0/39 HPs)
             Began as a Mummy Monk on May 6, 2012.
             Slain by an ufetubus (1 damage)
             ... summoned by a ynoxinul
             ... in The Abyss.
             The game lasted 00:18:44 (5237 turns).

CapnToaster the Ruffian (Mummy Monk)                Turns: 5237, Time: 00:18:45

HP   0/39        AC 12     Str 15      XL: 5   Next: 79%
MP   4/4         EV  8     Int  9      God:
Gold 70          SH  0     Dex 14      Spells:  0 memorised,  4 levels left

Res.Fire  : x . .   See Invis. : .   i - +3,+2 dwarf dagger (protect)
Res.Cold  : + . .   Warding    : . . k - +1 scale mail
Life Prot.: + + +   Conserve   : .   (no shield)
Res.Acid. : . . .   Res.Corr.  : .   (no helmet)
Res.Poison: +       Clarity    : .   (no cloak)
Res.Elec. : .       Spirit.Shd : .   (no gloves)
Sust.Abil.: . .     Stasis     : .   (no boots)
Res.Mut.  : .       Ctrl.Telep.: x   (no amulet)
Res.Rott. : +       Levitation : .   (no ring)
Saprovore : . . .   Ctrl.Flight: .   d - ring of invisibility

@: very slightly contaminated, slightly resistant to hostile enchantments, very
unstealthy
A: no food or potions, fire vulnerability, restore body, cold resistance 1, life
protection 3, poison resistance, torment resistance, unbreathing
a: Evoke Invisibility


You were in the Abyss.
You were not hungry.

You visited 1 branch of the dungeon, and saw 4 of its levels.
You visited the Abyss 1 time.

You collected 70 gold pieces.

Inventory:

Hand weapons
 i - a +3,+2 dwarven dagger of protection (weapon)
Missiles
 h - 7 curare-tipped +0 needles
Armour
 k - a +1 scale mail (worn)
Magical devices
 b - a wand of polymorph other (8) {unknown}
Scrolls
 a - a scroll of detect curse
 e - 2 scrolls of identify {unknown}
 f - a scroll of amnesia {unknown}
 g - a scroll of curse jewellery {unknown}
 j - a scroll of remove curse {unknown}
 l - a scroll of enchant weapon II {unknown}
Jewellery
 c - an uncursed ring of sustain abilities {unknown}
 d - a ring of invisibility (left hand)


   Skills:
 - Level 3,0 Fighting
 - Level 0,6 Armour
 - Level 2,4 Dodging
 - Level 1,6 Stealth
 + Level 1,7 Stabbing
 - Level 5,0 Unarmed Combat
 + Level 2,0 Evocations


You had 4 spell levels left.
You didn't know any spells.

Dungeon Overview and Level Annotations

Branches:
Dungeon (4/27)
 Temple: D:4-7

Altars:
Elyvilon

Annotations
D:3 Edmund
D:4 Grinder


Innate Abilities, Weirdness & Mutations

You do not eat or drink.
Your flesh is vulnerable to fire.
Your flesh is cold resistant.
You are immune to negative energy.
Your system is resistant to poisons.
You are immune to unholy pain and torment.
You can survive without breathing.


Message History

The ufetubus barely misses you.
The ynoxinul gestures.
The giant orange brain pulsates.
The giant orange brain blinks!
The ufetubus closely misses you. The ufetubus barely misses you.
The ufetubus hits you but does no damage.
The ynoxinul gestures.
A large abomination comes into view.
Use which ability? (? or * to list)
You fail to use your ability.
The white imp hits you but does no damage.
Use which ability? (? or * to list)
You fail to use your ability.
The white imp hits you but does no damage.
The large abomination moves out of view.
The ufetubus hits you but does no damage.
The ufetubus hits you.
* * * LOW HITPOINT WARNING * * *
The ufetubus hits you.
You die...

...##..... ..... . Z
....#............ ..
.....#....≈...3....Z..
...........#3..........
........≈....3......#..
##...#.4.5..5..... ≈##
##......555z5.......≈≈≈
#≈.....5≈4x5555......
≈≈≈
#≈......@#########...≈
≈# ≈≈........#≈. ###
≈≈≈≈## ≈##........ ###≈
## ≈...........≈ ###
......#..#..#..
.....≈.....≈. ........
.§ ......... ...


You could see 2 orange demons, 2 ynoxinuls, a small abomination, a white imp, a
lemure, a midge, 8 ufetubi and a sea snake zombie.

Vanquished Creatures
  An ogre (D:2)
  The ghost of rjames93 the Magician, a weakling HEWz (D:3)
  An orc priest (D:3)
  4 adders
  A worm (D:2)
  A giant gecko (D:3)
  6 orcs
  2 ball pythons (D:2)
  12 bats
  5 hobgoblins
  11 kobolds
  3 quokkas (D:3)
  A giant cockroach (D:2)
  2 giant newts
  A goblin (D:1)
  8 rats
60 creatures vanquished.

Vanquished Creatures (others)
  5 toadstools
5 creatures vanquished.

Grand Total: 65 creatures vanquished

Notes
Turn   | Place    | Note
--------------------------------------------------------------
     0 | D:1      | CapnToaster, the Mummy Monk, began the quest for the Orb.
     0 | D:1      | Reached XP level 1. HP: 16/16 MP: 0/0
   619 | D:1      | Reached XP level 2. HP: 6/22 MP: 1/1
  1596 | D:2      | Reached skill level 4 in Unarmed Combat
  1596 | D:2      | Reached XP level 3. HP: 20/28 MP: 2/2
  1699 | D:2      | Reached XP level 4. HP: 29/34 MP: 0/3
  2392 | D:2      | Reached skill level 5 in Unarmed Combat
  2600 | D:2      | Found a white marble altar of Elyvilon.
  2613 | D:2      | Reached skill level 1 in Evocations
  2915 | D:3      | Reached XP level 5. HP: 39/39 MP: 1/4
  3114 | D:3      | Noticed rjames93's ghost (weakling HEWz)
  3366 | D:3      | Killed rjames93's ghost
  3366 | D:3      | Reached skill level 1 in Stabbing
  4209 | D:3      | Found a white marble altar of Elyvilon.
  4827 | D:4      | Noticed Grinder
  5116 | D:4      | Noticed Edmund
  5139 | D:3      | You are cast into the Abyss!
  5139 | D:3      | Cast into the Abyss (Edmund)
  5139 | Abyss    | Entered The Abyss
  5227 | Abyss    | HP: 1/39 [orange demon (3)]
  5237 | Abyss    | HP: 1/39 [ufetubus[a ynoxinul] (1)]
  5237 | Abyss    | Slain by an ufetubus
